 Dungeon Crawl Stone Soup version 0.30-a0-322-g102857c98e (webtiles) character file.

Game seed: 7909193402193616787

1104 NinjaNoafa the Vexing (level 8, -3/41 HPs)
             Began as a Vampire Enchanter on Oct 27, 2022.
             Was a Follower of Uskayaw.
             Slain by a gnoll bouda
             ... wielding a +0 club
              (9 damage)
             ... on level 5 of the Dungeon.
             The game lasted 00:18:31 (4541 turns).

NinjaNoafa the Vexing (Vampire Enchanter)           Turns: 4541, Time: 00:18:32

Health: -3/41      AC:  4    Str:  7    XL:     8   Next: 11%
Magic:  12/12      EV: 15    Int: 20    God:    Uskayaw [*.....]
Gold:   202        SH:  0    Dex: 20    Spells: 5/13 levels left

rFire   . . .      SeeInvis +    l - +1 dagger (elec)
rCold   + + .      Faith    +    (no shield)
rNeg    + + +      Spirit   .    b - +0 robe
rPois   ∞          Reflect  .    e - +0 helmet
rElec   .          Harm     .    (no cloak)
rCorr   .          Rampage  .    p - +0 pair of gloves
Will    +....                    (no boots)
Stlth   +++++.....               o - amulet of faith
HPRegen 0.00/turn                j - ring of willpower
MPRegen 0.13/turn                r - +6 ring of dexterity

@: weakened, bloodless, inhibited regen
A: bloodless, fangs 3, see invisible, vampiric 2, mutation resistance 1
a: Bat Form, Revivify, Renounce Religion, Stomp


You were on level 5 of the Dungeon.
You worshipped Uskayaw.
Uskayaw was noncommittal.
You visited 2 branches of the dungeon, and saw 6 of its levels.

You collected 202 gold pieces.

Inventory:

Hand Weapons
 l - a +1 dagger of electrocution (weapon)
Missiles
 d - 54 stones (quivered)
 q - 6 poisoned darts
Armour
 b - a +0 robe (worn)
 e - a +0 helmet (worn)
 p - a +0 pair of gloves (worn)
Jewellery
 a - an amulet of guardian spirit
 j - a ring of willpower (left hand)
 o - an amulet of faith (around neck)
 r - a +6 ring of dexterity (right hand)
Wands
 n - a wand of paralysis (3)
Scrolls
 f - a scroll of immolation {unknown}
 h - a scroll of noise {unknown}
 i - 7 scrolls of identify
 k - a scroll of teleportation
 m - a scroll of enchant armour {unknown}
 t - 2 scrolls of vulnerability
Potions
 c - a potion of invisibility
 u - a potion of flight {unknown}


   Skills:
 - Level 5.0 Short Blades
 - Level 5.0 Dodging
 - Level 5.0 Stealth
 + Level 1.6 Unarmed Combat
 - Level 3.0 Spellcasting
 - Level 7.0 Hexes
 - Level 5.0 Ice Magic


You had 5 spell levels left.
You knew the following spells:

 Your Spells              Type           Power      Damage    Failure   Level
a - Ensorcelled Hibernat  Hex/Ice        54%        N/A       1%          2
b - Confusing Touch       Hex            31%        N/A       2%          3
c - Tukima's Dance        Hex            31%        N/A       2%          3

Your spell library contained the following spells:

 Spells                   Type           Power      Damage    Failure   Level
 Ozocubu's Armour         Ice            23%        N/A       5%          3
 Dazzling Flash           Conj/Hex       34%        N/A       10%         3
 Summon Guardian Golem    Hex/Summ       17%        N/A       10%         3
 Summon Small Mammal      Summ           12%        N/A       14%         1
 Call Canine Familiar     Summ           3%         N/A       38%         3
 Ozocubu's Refrigeration  Ice            11%        4d10      100%        7


Dungeon Overview and Level Annotations

Branches:
Dungeon (5/15)             Temple (1/1) D:4

Altars:
Hepliaklqana
Kikubaaqudgha
Makhleb
Nemelex Xobeh
Okawaru
Qazlal
Sif Muna
Trog
Uskayaw
Vehumet
Wu Jian
Yredelemnul


Innate Abilities, Weirdness & Mutations

You do not regenerate when monsters are visible.
You are frail without blood (-20% HP).
You can heal yourself when you bite living creatures.
You are immune to poison.
You have razor-sharp teeth.
You have supernaturally acute eyesight. (SInv)
You are afflicted with vampirism and can become a bat while bloodless.
You are somewhat resistant to further mutation.


Message History

You hit the gnoll bouda.
The gnoll bouda is lightly wounded.
The wolf closely misses you.
The gnoll bouda barks out a call to the hunt!
The wolf bites you.
The gnoll bouda barks out a call to the hunt!
The gnoll bouda picks up the pace!
The wolf barely misses you. The wolf barely misses you.
The gnoll bouda calls upon its god to heal the gnoll bouda.
The gnoll bouda's wounds heal themselves!
The wolf bites you. Continue your ritual?
You begin the revivification ritual.
You continue your ritual.
The gnoll bouda completely misses you. The wolf bites you.
The gnoll bouda gazes fiercely through you!
You feel your attacks grow feeble. The gnoll hits you with a +0 club.
You continue your ritual.
The wolf barely misses you.
The gnoll bouda hits you but does no damage.
The wolf misses you. The gnoll hits you but does no damage.
You continue your ritual.
The wolf barely misses you. The gnoll bouda barely misses you.
The gnoll hits you with a +0 club!
* * * LOW HITPOINT WARNING * * *
The wolf bites you but does no damage.
You continue your ritual.
Your attacks no longer feel as feeble.
The gnoll bouda hits you with a +0 whip.
* * * LOW HITPOINT WARNING * * *
The wolf closely misses you. The gnoll closely misses you.
You continue your ritual.
The wolf misses you.
The gnoll bouda gazes fiercely through you!
You feel your attacks grow feeble. The gnoll bouda barely misses you.
The gnoll closely misses you. The wolf misses you.
The gnoll bouda hits you with a +0 club!
You die...

.......†......# .......
.... ..............#
........# ....
.........#...## .........
....
...†.....#...#####.......#
...
.........#.....##.........
..
†.#+++#..##....#..........
.## #.##.....gg.......# .#
.##....ggg.......# .#
.#......@hO....... ..
##.....###''##... ...
##...## ...# ...! ##..#
...# ##### ##.# ...# #.#
...# #.# ...# #.. #### #..


You could see an ogre, a wolf, 2 gnoll boudas and 3 gnolls.

Vanquished Creatures
  Sigmund (D:3)
  A black bear (D:4)
  An ogre (D:4)
  A phantom (D:3)
  A necrophage (D:4)
  10 hounds
  2 gnoll boudas (D:5)
  An orc wizard (D:3)
  Robin (D:3)
  8 gnolls (D:5)
  6 adders
  An ufetubus (D:5)
  A dart slug (D:1)
  2 worms (D:2)
  3 orcs
  6 ball pythons
  6 endoplasms
  A giant cockroach (D:2)
  13 goblins
  10 hobgoblins
  2 jackals (D:1)
  5 quokkas
  2 bats (D:1)
  9 kobolds
  5 rats
99 creatures vanquished.

Vanquished Creatures (collateral kills)
  2 gnolls (D:5)
  An orc (D:3)
  2 goblins (D:3)
  A hobgoblin (D:3)
6 creatures vanquished.

Vanquished Creatures (others)
  2 dancing weapons (D:5)
2 creatures vanquished.

Grand Total: 107 creatures vanquished

Notes
Turn   | Place    | Note
-------+----------+-------------------------------------------
     0 | D:1      | NinjaNoafa the Vampire Enchanter began the quest for the
                  | Orb.
     0 | D:1      | Reached XP level 1. HP: 13/13 MP: 3/3
   165 | D:1      | Reached XP level 2. HP: 14/19 MP: 5/5
   466 | D:1      | Learned a level 2 spell: Ensorcelled Hibernation
   637 | D:1      | Gained mutation: You are afflicted with vampirism and can
                  | become a bat while bloodless. [Vampire growth]
   637 | D:1      | Reached XP level 3. HP: 24/24 MP: 4/6
   857 | D:1      | Reached skill level 1 in Ice Magic
  1333 | D:2      | Reached skill level 5 in Hexes
  1782 | D:2      | Reached skill level 5 in Stealth
  1997 | D:3      | Noticed Sigmund
  2010 | D:3      | Gained mutation: You are somewhat resistant to further
                  | mutation. [potion of mutation]
  2045 | D:3      | Killed Sigmund
  2046 | D:3      | Reached XP level 4. HP: 5/30 MP: 1/7
  2046 | D:3      | Reached XP level 5. HP: 5/35 MP: 1/8
  2195 | D:3      | Learned a level 3 spell: Confusing Touch
  2199 | D:3      | Learned a level 3 spell: Tukima's Dance
  2261 | D:3      | Reached skill level 5 in Short Blades
  2271 | D:3      | Noticed a phantom
  2283 | D:3      | Killed a phantom
  2284 | D:3      | Reached XP level 6. HP: 40/41 MP: 2/9
  2407 | D:3      | Noticed Robin
  2476 | D:3      | Killed Robin
  3124 | D:4      | Found a staircase to the Ecumenical Temple.
  3142 | Temple   | Entered the Ecumenical Temple
  3142 | Temple   | Found a transporter.
  3142 | Temple   | Found a transporter.
  3144 | Temple   | Found a transporter.
  3144 | Temple   | Found a transporter.
  3182 | Temple   | Became a worshipper of Uskayaw the Reveller
  3239 | D:4      | Reached * piety under Uskayaw
  3249 | D:4      | Reached ** piety under Uskayaw
  3509 | D:4      | Reached skill level 5 in Dodging
  3578 | D:4      | Reached XP level 7. HP: 44/46 MP: 6/10
  4086 | D:5      | Entered Level 5 of the Dungeon
  4097 | D:5      | Reached skill level 6 in Hexes
  4098 | D:5      | Reached *** piety under Uskayaw
  4102 | D:5      | Reached **** piety under Uskayaw
  4107 | D:5      | Reached ***** piety under Uskayaw
  4192 | D:5      | Reached skill level 7 in Hexes
  4222 | D:5      | Reached XP level 8. HP: 37/52 MP: 1/12
  4338 | D:5      | Found a burning altar of Makhleb.
  4340 | D:5      | Found a basalt altar of Yredelemnul.
  4414 | D:5      | Reached skill level 5 in Ice Magic
  4423 | D:5      | Reached skill level 1 in Unarmed Combat
  4541 | D:5      | Slain by a gnoll bouda

Illustrated notes

Levels and vault maps discovered:
D:1:      nzn_arrival_settlement, layout_rooms, grunt_decor_resistance,
          minmay_misc_feat_doors, minmay_tromino_v2
D:2:      layout_basic
D:3:      layout_loops_ring, uniq_sigmund, uniq_robin
D:4:      layout_basic, minmay_temple_entry_statues
D:5:      layout_cave_pools, chequers_temple_overflow_statue_of_worship,
          serial_gnoll_camp, gnoll_camp_mini_hut, gnoll_camp_mini_house,
          gnoll_camp_huts_moat, grums_kennel, gnoll_camp_mini_basic
Temple:   hellmonk_temple_divided_pantheon

Skill      XL: |  1  2  3  4  5  6  7  8 |
---------------+-------------------------+-----
Short Blades   | 2 4 5 |  5.0
Ice Magic      | 2 4 5 |  5.0
Hexes          | 5 7 |  7.0
Stealth        | 5 |  5.0
Dodging        | 3 5 |  5.0
Spellcasting   | 3 |  3.0
Unarmed Combat | 1 |  1.6

Action                   |  1- 3 |  4- 6 |  7- 9 || total
-------------------------+-------+-------+-------++-------
Melee: Dagger            |   147 |   106 |    74 ||   327
       Bite              |     7 |    10 |     9 ||    26
       Punch             |     1 |     1 |     2 ||     4
       Unarmed           |     9 |       |       ||     9
 Cast: Ensorcelled Hiber |     6 |     7 |     5 ||    18
       Confusing Touch   |       |     4 |     5 ||     9
       Tukima's Dance    |       |     4 |     2 ||     6
Invok: Line Pass         |       |       |     1 ||     1
 Abil: Exsanguinate      |     1 |       |     1 ||     2
       Revivify          |     1 |       |     1 ||     2
       Bat Form          |     1 |       |       ||     1
  Use: Potion            |     5 |     1 |     5 ||    11
       Scroll            |       |     2 |     4 ||     6
 Stab: Sleeping          |    22 |    11 |     7 ||    40
       Invisible         |     3 |       |       ||     3
       Confused          |       |     2 |     2 ||     4
Armor: Robe              |    20 |    25 |    16 ||    61
Dodge: Dodged            |    98 |    52 |   103 ||   253

Table legend: (Time is in decaauts)
 A = Elapsed time spent in this place.
 B = Non-inter-level travel time spent in this place.
 C = Inter-level travel time spent in this place.
 D = Time resting spent in this place.
 E = Time spent auto-exploring this place.
 F = Levels seen in this place.
 G = Mean time per level.
                   A        B        C        D        E       F      G
               +--------+--------+--------+--------+--------+-----+--------+
         Total |   4482 |   4332 |    150 |      0 |   3225 |   6 |  747.0 |
       Dungeon |   4428 |   4285 |    143 |      0 |   3223 |   5 |  885.6 |
        Temple |     53 |     46 |      7 |      0 |      2 |   1 |   53.0 |
               +--------+--------+--------+--------+--------+-----+--------+

Top non-repeatable levels by time:
     D:3: 1129 daAuts
     D:1: 996 daAuts
     D:4: 988 daAuts
     D:2: 927 daAuts
     D:5: 386 daAuts
  Temple: 53 daAuts
